 Dungeon Crawl Stone Soup version 0.31-a0-743-g45f7035092 (webtiles) character file.

Game seed: 5586809763046091356

44 heikuro the Shield-Bearer (level 3, 0/30 HPs)
             Began as a Formicid Fighter on Sept 13, 2023.
             Succumbed to an adder's poison
             ... on level 2 of the Dungeon.
             The game lasted 00:02:05 (1048 turns).

heikuro the Shield-Bearer (Formicid Fighter)        Turns: 1048, Time: 00:02:05

Health: 0/30       AC:  6    Str: 28    XL:     3   Next: 87%
Magic:  3/3        EV:  9    Int:  7    God:
Gold:   47         SH:  5    Dex: 13    Spells: 2/2 levels left

rFire   + . .        a - +0 war axe
rCold   + . .        c - +0 buckler
rNeg    . . .        b - +0 scale mail
rPois   +            (helmet unavailable)
rElec   +            (no cloak)
rCorr   +            (no gloves)
SInv    +            (no boots)
Will    .....        (no amulet) Stlth
                     f - +6 ring of strength
HPRegen 0.25/turn    (no ring)
MPRegen 0.08/turn

%: no passive effects
@: lethally poisoned (0 -> -6), resistant, invisible
A: permanent stasis, dig shafts and tunnels, antennae 3, four strong arms
a: Dig, Shaft Self


You were on level 2 of the Dungeon.
You visited 1 branch of the dungeon, and saw 2 of its levels.

You collected 47 gold pieces.

Inventory:

Hand Weapons
 a - a +0 war axe (weapon)
 g - a +0 spear
Armour
 b - a +0 scale mail (worn)
 c - a +0 buckler (worn)
Jewellery
 f - a +6 ring of strength (left hand)
Scrolls
 e - a scroll of identify {unknown}
 j - a scroll of fear {unknown}
 k - a scroll of torment {unknown}
Potions
 d - a potion of might


   Skills:
 + Level 3.6 Fighting
 * Level 2.8 Axes
 + Level 3.6 Armour
 + Level 4.5 Shields


You had 2 spell levels left.
You didn't know any spells.
Your spell library was empty.

Dungeon Overview and Level Annotations

Branches:
Dungeon (2/15)

Altars:


Innate Abilities, Weirdness & Mutations

You cannot be hasted, slowed, berserked, paralysed or teleported.
You can dig through walls and to a lower floor.
You have a pair of large antennae on your head. (SInv)
Your four strong arms can wield two-handed weapons with a shield.


Message History

You feel sick.
You are no longer poisoned.
The adder bites you but does no damage.
You miss the adder.
The adder is heavily wounded.
The adder bites you but does no damage. The adder bites you.
You are poisoned.
The adder poisons you!
You hit the adder.
The adder is heavily wounded.
You feel sick. The adder barely misses you.
The adder bites you but does no damage.
You miss the adder.
The adder is heavily wounded.
You feel sick. The adder bites you. The adder bites you but does no damage.
You are too injured to fight recklessly!
You are too injured to fight recklessly!
You are too injured to fight recklessly!
You closely miss the adder.
The adder is heavily wounded.
You feel sick.
You are no longer poisoned.
The adder bites you but does no damage. The adder bites you.
You are poisoned.
The adder poisons you!
You closely miss the adder.
The adder is heavily wounded.
You feel sick. The adder bites you.
* * * LOW HITPOINT WARNING * * *
You are lethally poisoned!
The adder poisons you! The adder bites you.
* * * LOW HITPOINT WARNING * * *
It was a potion of resistance.
You feel protected.
* * * LOW HITPOINT WARNING * * *
You feel sick. The adder bites you.
* * * LOW HITPOINT WARNING * * *
It was a potion of invisibility.
You fade into invisibility!
You die...

#.###..###..## .#
##........ #...#
#.###..###..## #...#
##.#.#.# #..# #...
###.##<# #..# #..#
....##.# #..# #..#
###.##.# #..## #..#
#.##.###...###S.####..
###.............@.......
.........†.......######.
###########.####.# ###
#.# #.. #### {


You could see an adder (unable to see you).

Vanquished Creatures
  An adder (D:2)
  4 dart slugs
  5 bats
  An endoplasm (D:2)
  A giant cockroach (D:1)
  A goblin (D:1)
  3 hobgoblins
  A quokka (D:2)
  2 ball pythons (D:1)
  3 frilled lizards (D:1)
  2 kobolds (D:1)
  4 rats (D:1)
28 creatures vanquished.

Notes
Turn   | Place    | Note
-------+----------+-------------------------------------------
     0 | D:1      | heikuro the Formicid Fighter began the quest for the Orb.
     0 | D:1      | Reached XP level 1. HP: 18/18 MP: 1/1
   146 | D:1      | Reached XP level 2. HP: 21/24 MP: 2/2
   388 | D:1      | Reached XP level 3. HP: 26/29 MP: 3/3
  1048 | D:2      | Succumbed to an adder's poison

Illustrated notes

Levels and vault maps discovered:
D:1:      dreamdust_arrival_sigmund_warning, layout_basic,
          nicolae_concentric_dashed_squares_mild,
          nicolae_kite_square_tiling_tiny
D:2:      layout_loops_ring

Action                     || total
---------------------------++-------
  Melee: War axe           ||   113
    Use: Potion            ||     2
 Armour: Scale mail        ||    80
  Dodge: Dodged            ||    63
  Block: Buckler           ||    35

Table legend: (Time is in decaauts)
 A = Elapsed time spent in this place.
 B = Non-inter-level travel time spent in this place.
 C = Inter-level travel time spent in this place.
 D = Time resting spent in this place.
 E = Time spent auto-exploring this place.
 F = Levels seen in this place.
 G = Mean time per level.
                   A        B        C        D        E       F      G
               +--------+--------+--------+--------+--------+-----+--------+
         Total |   1091 |   1027 |     64 |      0 |    663 |   2 |  545.5 |
       Dungeon |   1091 |   1027 |     64 |      0 |    663 |   2 |  545.5 |
               +--------+--------+--------+--------+--------+-----+--------+

Top non-repeatable levels by time:
     D:1: 900 daAuts
     D:2: 190 daAuts
